 Dungeon Crawl Stone Soup version 0.27-a0-1586-gd5c625afe7 (webtiles) character file.

Game seed: 15919573005541244394

136 Blejac999 the Ducker (level 5, -1/39 HPs)
             Began as a Djinni Gladiator on July 17, 2021.
             Slain by Dowan (2 damage)
             ... on level 5 of the Dungeon.
             The game lasted 00:04:20 (2321 turns).

Blejac999 the Ducker (Djinni Gladiator)             Turns: 2321, Time: 00:04:21

Health: -1/39      AC:  5    Str: 14    XL:     5   Next: 43%
Gold:   153        EV: 13    Int: 10    God:
                   SH:  0    Dex: 14

rFire    + + +     SeeInvis .   g - +3 dagger (drain)
rCold    . . .     Faith    .   (no shield)
rNeg     . . .     Spirit   .   b - +0 leather armour
rPois    ∞         Reflect  .   c - +0 helmet
rElec    +         Harm     .   e - +0 cloak
rCorr    +         Rampage  .   (no gloves)
Will     .....                  (boots unavailable)
Stlth    +.........             (no amulet)
HPRegen  0.13/turn              (no ring)
MPRegen  0.00/turn              (no ring)

@: resistant, flying
A: sickness immunity, fire resistance 2, cold vulnerability 1, float, innate
caster, hp casting, extra vitality 1
a: no special abilities


You were on level 5 of the Dungeon.
You visited 1 branch of the dungeon, and saw 4 of its levels.

You collected 153 gold pieces.

Inventory:

Hand Weapons
 g - a +3 dagger of draining (weapon)
Missiles
 d - a throwing net (quivered)
Armour
 b - a +0 leather armour (worn)
 c - a +0 helmet (worn)
 e - a +0 cloak (worn)
Jewellery
 f - a +4 ring of protection


   Skills:
 + Level 2.7 Fighting
 + Level 0.7(2.4) Short Blades
 + Level 3.7(3.8) Long Blades
 + Level 1.7 Throwing
 + Level 0.4 Armour
 + Level 4.0 Dodging
 + Level 0.4 Stealth
 * Level 1.0 Spellcasting


You had 3 spell levels left.
You knew the following spells:

 Your Spells              Type           Power      Damage    Failure   Level
a - Pain                  Necr           8%         1d4       28%         1
b - Static Discharge      Conj/Air       2%         N/A       41%         2
Your spell library was empty.

Dungeon Overview and Level Annotations

Branches:
Dungeon (3/15)

Altars:

Annotations:
D:5 Dowan, Duvessa, Edmund, Ijyb


Innate Abilities, Weirdness & Mutations

You are immune to sickness and miasma.
You are immune to poison.
Your flesh is very heat resistant. (rF++)
You are vulnerable to cold. (rC-)
You float through the air rather than walking.
You learn spells naturally, not from books.
Your magical power is your life essence.
You have superior vitality. (+4 HP)


Message History

Edmund shouts!
Edmund clears his throat.
You aren't carrying any scrolls.
The scorpion barely misses you.
Found 12 gold pieces.
Found 16 gold pieces.
The scorpion barely misses you. The scorpion closely misses you.
Found 19 stones.
You see here 12 gold pieces.
Duvessa, Sister of Dowan comes into view.
She is wielding a +0 short sword.
Duvessa shouts!
Dowan, Brother of Duvessa comes into view.
He is wielding a +0 dagger.
Dowan shouts!
Unknown command.
You aren't carrying any scrolls.
The scorpion misses you. Duvessa misses you.
You hit Duvessa but do no damage. You drain Duvessa.
Duvessa is lightly wounded.
Ijyb appears from thin air!
Reactivating autopickup.
Ijyb screams, "I dance on your bones!" Dowan hits you with a +0 dagger.
* * * LOW HITPOINT WARNING * * *
Duvessa barely misses you.
You hit Duvessa.
Duvessa is moderately wounded.
The scorpion stings you but does no damage.
Dowan hits you but does no damage. Duvessa closely misses you.
Unknown command.
Throw: 2 throwing nets
Press: ? - help, Q - select action, (/) - cycle Shift-Dir - straight line, f - Duvessa
Aim: Duvessa, wielding a +0 short sword and wearing a +0 ring mail (moderately wounded, lightly drained, 67% to hit)
You throw a throwing net. The throwing net hits Duvessa.
Duvessa is caught in the net!
Duvessa is moderately wounded.
The scorpion barely misses you.
Edmund says, "People will remember me!
They'll remember me and die!"
Duvessa struggles against the net.
Dowan hits you with a +0 dagger.
You die...

.# #.........# .#
#.........# .#
#.........# .#
#.....$...# @#
#.........#
.######.........#
.#...##....$..@g#
.#...##......Z.s########
............#+##@.......
............# #ee(.....
#...........# #........
............+ .........
#...........# .........
#+########### ##........
#........ .. #........
s...


You could see Edmund, Duvessa (caught, drained), Ijyb, Dowan, a scorpion and a
water moccasin skeleton.

Vanquished Creatures
  A hound (D:5)
  3 adders
  A white imp (D:5)
  A dart slug (D:2)
  4 orcs (D:3)
  6 endoplasms
  A giant cockroach (D:2)
  6 goblins
  4 hobgoblins
  8 jackals
  2 quokkas
  6 ball pythons
  7 bats
  3 frilled lizards
  7 kobolds
  6 rats
66 creatures vanquished.

Vanquished Creatures (others)
  An adder (D:5)
  9 plants (D:1)
10 creatures vanquished.

Grand Total: 76 creatures vanquished

Notes
Turn   | Place    | Note
-------+----------+-------------------------------------------
     0 | D:1      | Blejac999 the Djinni Gladiator began the quest for the Orb.
     0 | D:1      | Reached XP level 1. HP: 18/18 MP: 0/0
    37 | D:1      | Reached XP level 2. HP: 13/23 MP: 0/0
    92 | D:1      | HP: 1/23 [frilled lizard (3)]
   710 | D:1      | Reached XP level 3. HP: 27/28 MP: 0/0
   710 | D:1      | Learned a level 1 spell: Pain
  1390 | D:2      | Reached XP level 4. HP: 34/34 MP: 0/0
  2173 | D:3      | Reached XP level 5. HP: 34/39 MP: 0/0
  2173 | D:3      | Learned a level 2 spell: Static Discharge
  2251 | D:3      | You are sucked into a shaft and drop 2 floors!
  2251 | D:5      | Entered Level 5 of the Dungeon
  2267 | D:5      | Reached skill level 4 in Dodging
  2267 | D:5      | Reached skill level 1 in Spellcasting
  2283 | D:5      | Noticed Ijyb
  2301 | D:5      | Noticed Edmund
  2315 | D:5      | Noticed Duvessa
  2316 | D:5      | Noticed Dowan
  2319 | D:5      | HP: 1/39 [Dowan (5)]
  2321 | D:5      | Slain by Dowan

Illustrated notes

Levels and vault maps discovered:
D:1:      eino_arrival_druids_welcome, layout_rooms
D:2:      layout_basic, st_stairs_7, minmay_heptomino_d4
D:3:      layout_rooms
D:5:      layout_basic, uniq_duvessa, uniq_edmund, uniq_ijyb

Skill      XL: |  1  2  3  4  5 |
---------------+----------------+-----
Long Blades    | 3 |  3.7
Dodging        | 4 |  4.0
Spellcasting   | 1 |  1.0
Fighting       | |  2.7
Short Blades   | |  0.7
Throwing       | |  1.7
Armour         | |  0.4
Stealth        | |  0.4

Action                   |  1- 3 |  4- 6 || total
-------------------------+-------+-------++-------
Melee: Long sword        |    79 |    30 ||   109
       Dagger            |       |    86 ||    86
Throw: Throwing net      |     1 |     1 ||     2
  Use: Scroll            |     2 |     1 ||     3
       Potion            |     2 |     1 ||     3
 Stab: Sleeping          |       |     1 ||     1
Armor: Leather armour    |    21 |    37 ||    58
Dodge: Dodged            |    69 |    80 ||   149
       Rpst.: Long sword |    23 |     8 ||    31

Table legend: (Time is in decaauts)
 A = Elapsed time spent in this place.
 B = Non-inter-level travel time spent in this place.
 C = Inter-level travel time spent in this place.
 D = Time resting spent in this place.
 E = Time spent auto-exploring this place.
 F = Levels seen in this place.
 G = Mean time per level.
                   A        B        C        D        E       F      G
               +--------+--------+--------+--------+--------+-----+--------+
         Total |   2336 |   2281 |     55 |    460 |   1349 |   4 |  584.0 |
       Dungeon |   2336 |   2281 |     55 |    460 |   1349 |   4 |  584.0 |
               +--------+--------+--------+--------+--------+-----+--------+

Top non-repeatable levels by time:
     D:2: 1138 daAuts
     D:1: 915 daAuts
     D:3: 214 daAuts
     D:5: 67 daAuts
